[ AOE2 MATCH · #470455382 ]
UnrankedBritons vs Persians
Player's team · WIN
Rival team · LOSS
[ REPLAY ANALYSIS · EXTRACTED FROM THE RECORDED GAME ]
Feudal
8:54
Castle
26:13
Imperial
44:33
| APM avg | 67.2 |
| APM peak | 133 |
| eAPM avg | 32.6 |
| Villagers / military | 198 / 611 |
Focus
⚔️ 44.0% · 🌾 56.0%
Militia ×206 · Spearman ×151 · Skirmisher ×100 · Archer ×63 · Longbowman ×53 · Trebuchet (Packed) ×15
Feudal
8:01
Castle
24:33
Imperial
39:25
| APM avg | 67.3 |
| APM peak | 146 |
| eAPM avg | 34.0 |
| Villagers / military | 241 / 526 |
Focus
⚔️ 58.8% · 🌾 41.2%
Scout Cavalry ×217 · Skirmisher ×111 · Hand Cannoneer ×68 · Knight ×62 · Archer ×53 · Monk ×4
Match map
Initial resources + every placement click. Lines = walls · curves = elevation contours. ◆ gold · ⬟ stone · ● berries · ✦ relic · ◌ wall gap
Your base· Open — 5t gap
dylanrobinson54's base· Open — unwalled flank
Smoothed initial terrain · ◌ = detected wall gap · hover for details
Inputs per minute
— Proctologue - - dylanrobinson54
Build order — Proctologue
First 150 of 1020 actions detected
| 0:01 | Create | Villager (Male) |
| 0:01 | Create | Villager (Male) |
| 0:02 | Create | Villager (Male) |
| 0:02 | Create | Villager (Male) |
| 0:03 | Build | House |
| 0:04 | Build | House |
| 1:22 | Create | Villager (Male) |
| 1:31 | Build | Lumber Camp |
| 1:49 | Create | Villager (Male) |
| 1:49 | Create | Villager (Male) |
| 2:26 | Create | Villager (Male) |
| 2:31 | Create | Villager (Male) |
| 3:00 | Build | House |
| 3:07 | Create | Villager (Male) |
| 3:26 | Build | House |
| 3:35 | Create | Villager (Male) |
| 3:55 | Create | Villager (Male) |
| 3:55 | Create | Villager (Male) |
| 4:00 | Create | Villager (Male) |
| 4:00 | Create | Villager (Male) |
| 4:31 | Create | Villager (Male) |
| 4:44 | Create | Villager (Male) |
| 5:16 | Create | Villager (Male) |
| 5:16 | Create | Villager (Male) |
| 5:34 | Build | Mill |
| 5:37 | Create | Villager (Male) |
| 6:01 | Research | Loom |
| 6:01 | Research | Loom |
| 6:44 | Research | Feudal Age |
| 7:35 | Build | House |
| 8:03 | Build | Barracks |
| 8:48 | Create | Villager (Male) |
| 8:54 | Age | Feudal Age |
| 9:07 | Build | Archery Range |
| 9:08 | Create | Spearman |
| 9:10 | Research | Double-Bit Axe |
| 9:12 | Build | Farm |
| 9:14 | Create | Villager (Male) |
| 9:20 | Build | Palisade Wall |
| 9:21 | Build | Palisade Wall |
| 9:24 | Build | House |
| 9:26 | Build | Palisade Wall |
| 9:27 | Build | Palisade Wall |
| 9:48 | Create | Villager (Male) |
| 9:50 | Create | Spearman |
| 9:56 | Create | Villager (Male) |
| 9:58 | Build | Farm |
| 10:17 | Create | Skirmisher |
| 10:19 | Build | Farm |
| 10:30 | Create | Villager (Male) |
| 11:02 | Create | Skirmisher |
| 11:07 | Build | Palisade Wall |
| 11:08 | Build | Palisade Wall |
| 11:09 | Build | Palisade Wall |
| 11:10 | Build | Palisade Wall |
| 11:13 | Create | Villager (Male) |
| 11:32 | Create | Villager (Male) |
| 11:34 | Build | Farm |
| 11:34 | Build | Farm |
| 11:35 | Build | Farm |
| 11:38 | Build | House |
| 11:41 | Create | Skirmisher |
| 11:52 | Build | Palisade Gate |
| 11:54 | Create | Skirmisher |
| 11:56 | Build | Farm |
| 12:09 | Create | Villager (Male) |
| 12:25 | Create | Skirmisher |
| 12:27 | Build | Farm |
| 12:45 | Create | Skirmisher |
| 12:45 | Create | Villager (Male) |
| 12:47 | Build | Farm |
| 12:53 | Create | Villager (Male) |
| 13:05 | Create | Skirmisher |
| 13:20 | Create | Villager (Male) |
| 13:26 | Build | Stable |
| 13:34 | Create | Villager (Male) |
| 13:49 | Build | House |
| 13:54 | Build | Farm |
| 14:00 | Create | Villager (Male) |
| 14:08 | Build | House |
| 14:11 | Research | Town Watch |
| 14:12 | Research | Wheelbarrow |
| 14:13 | Research | Wheelbarrow |
| 14:26 | Build | House |
| 14:32 | Build | House |
| 14:36 | Build | Palisade Wall |
| 14:36 | Build | Palisade Wall |
| 14:39 | Create | Scout Cavalry |
| 14:39 | Create | Scout Cavalry |
| 14:51 | Build | Palisade Gate |
| 14:57 | Build | Palisade Wall |
| 14:59 | Create | Scout Cavalry |
| 15:25 | Build | Farm |
| 15:27 | Build | Farm |
| 15:30 | Create | Villager (Male) |
| 15:31 | Create | Villager (Male) |
| 15:36 | Build | House |
| 15:37 | Build | House |
| 15:48 | Create | Villager (Male) |
| 15:52 | Create | Scout Cavalry |
| 16:01 | Create | Villager (Male) |
| 16:21 | Create | Scout Cavalry |
| 16:21 | Create | Villager (Male) |
| 16:31 | Create | Villager (Male) |
| 16:34 | Build | Blacksmith |
| 16:38 | Create | Villager (Male) |
| 16:46 | Create | Scout Cavalry |
| 17:00 | Build | Lumber Camp |
| 17:09 | Build | Farm |
| 17:11 | Research | Fletching |
| 17:11 | Research | Fletching |
| 17:16 | Create | Spearman |
| 17:23 | Create | Villager (Male) |
| 17:24 | Create | Skirmisher |
| 17:50 | Create | Villager (Male) |
| 17:50 | Create | Villager (Male) |
| 17:54 | Create | Spearman |
| 17:58 | Create | Villager (Male) |
| 18:08 | Build | Farm |
| 18:09 | Build | Farm |
| 18:09 | Build | Farm |
| 18:09 | Build | Farm |
| 18:09 | Build | Farm |
| 18:19 | Create | Villager (Male) |
| 18:21 | Create | Scout Cavalry |
| 18:24 | Create | Spearman |
| 18:37 | Create | Spearman |
| 18:43 | Create | Spearman |
| 18:45 | Build | Farm |
| 18:46 | Build | Farm |
| 19:01 | Research | Forging |
| 19:02 | Create | Villager (Male) |
| 19:03 | Build | Farm |
| 19:22 | Create | Villager (Male) |
| 19:32 | Create | Villager (Male) |
| 19:42 | Create | Scout Cavalry |
| 19:58 | Build | Farm |
| 19:59 | Build | Farm |
| 20:00 | Create | Skirmisher |
| 20:00 | Create | Skirmisher |
| 20:14 | Create | Villager (Male) |
| 20:16 | Build | Mining Camp |
| 20:18 | Build | Mining Camp |
| 20:20 | Create | Villager (Male) |
| 20:38 | Create | Villager (Male) |
| 20:51 | Create | Villager (Male) |
| 20:55 | Build | Farm |
| 20:56 | Build | Farm |
| 21:05 | Build | Market |
| 21:07 | Build | Lumber Camp |
Build order — dylanrobinson54
First 150 of 689 actions detected
| 0:00 | Create | Villager (Male) |
| 0:02 | Build | House |
| 0:03 | Build | House |
| 0:09 | Create | Villager (Male) |
| 0:09 | Create | Villager (Male) |
| 0:09 | Create | Villager (Male) |
| 0:34 | Create | Villager (Male) |
| 1:33 | Create | Villager (Male) |
| 1:39 | Build | Lumber Camp |
| 2:10 | Create | Villager (Male) |
| 2:43 | Create | Villager (Male) |
| 2:58 | Create | Villager (Male) |
| 3:17 | Create | Villager (Male) |
| 3:26 | Build | House |
| 3:37 | Create | Villager (Male) |
| 3:47 | Create | Villager (Male) |
| 3:55 | Build | Mill |
| 4:06 | Create | Villager (Male) |
| 5:09 | Create | Villager (Male) |
| 5:23 | Research | Loom |
| 5:57 | Research | Feudal Age |
| 6:47 | Create | Villager (Male) |
| 7:17 | Build | Barracks |
| 7:24 | Build | House |
| 8:01 | Age | Feudal Age |
| 8:08 | Build | Stable |
| 8:15 | Research | Double-Bit Axe |
| 8:26 | Create | Villager (Male) |
| 8:37 | Create | Villager (Male) |
| 8:53 | Research | Wheelbarrow |
| 8:55 | Build | House |
| 9:11 | Create | Villager (Male) |
| 9:13 | Build | House |
| 9:48 | Create | Villager (Male) |
| 9:48 | Create | Villager (Male) |
| 10:16 | Build | Archery Range |
| 10:17 | Create | Villager (Male) |
| 10:18 | Create | Villager (Male) |
| 10:41 | Build | Blacksmith |
| 10:45 | Build | Farm |
| 10:46 | Create | Villager (Male) |
| 10:46 | Create | Villager (Male) |
| 11:03 | Build | Farm |
| 11:12 | Create | Skirmisher |
| 11:16 | Create | Villager (Male) |
| 11:30 | Create | Skirmisher |
| 11:42 | Create | Skirmisher |
| 11:53 | Create | Villager (Male) |
| 12:03 | Build | Watch Tower |
| 12:09 | Create | Skirmisher |
| 12:25 | Create | Villager (Male) |
| 12:27 | Build | Farm |
| 12:27 | Build | Farm |
| 12:27 | Build | Farm |
| 12:28 | Build | Farm |
| 12:38 | Build | Farm |
| 12:47 | Create | Villager (Male) |
| 12:56 | Build | Farm |
| 12:58 | Build | Farm |
| 13:04 | Create | Scout Cavalry |
| 13:22 | Create | Villager (Male) |
| 13:28 | Create | Villager (Male) |
| 13:31 | Build | Farm |
| 13:46 | Build | Farm |
| 13:51 | Create | Villager (Male) |
| 13:55 | Build | Farm |
| 14:08 | Create | Scout Cavalry |
| 14:11 | Create | Skirmisher |
| 14:14 | Build | House |
| 14:18 | Build | House |
| 14:23 | Research | Town Watch |
| 14:41 | Build | Farm |
| 14:54 | Create | Villager (Male) |
| 15:07 | Create | Villager (Male) |
| 15:09 | Build | Farm |
| 15:11 | Build | House |
| 15:15 | Build | House |
| 15:26 | Create | Skirmisher |
| 15:35 | Create | Scout Cavalry |
| 15:35 | Create | Scout Cavalry |
| 15:36 | Create | Villager (Male) |
| 15:41 | Create | Villager (Male) |
| 16:02 | Create | Skirmisher |
| 16:03 | Create | Skirmisher |
| 16:06 | Create | Villager (Male) |
| 16:26 | Build | Mining Camp |
| 16:28 | Create | Villager (Male) |
| 16:34 | Create | Scout Cavalry |
| 16:35 | Create | Scout Cavalry |
| 16:43 | Build | Palisade Wall |
| 16:45 | Build | Palisade Wall |
| 16:51 | Create | Villager (Male) |
| 17:04 | Build | House |
| 17:11 | Create | Skirmisher |
| 17:12 | Create | Scout Cavalry |
| 17:35 | Create | Villager (Male) |
| 17:54 | Build | Mining Camp |
| 17:58 | Create | Scout Cavalry ×5 |
| 18:13 | Create | Villager (Male) |
| 18:14 | Create | Skirmisher |
| 18:15 | Create | Skirmisher |
| 18:26 | Create | Villager (Male) |
| 18:34 | Create | Villager (Male) |
| 18:45 | Create | Villager (Male) |
| 18:46 | Create | Villager (Male) |
| 18:48 | Create | Scout Cavalry |
| 18:49 | Create | Skirmisher |
| 18:50 | Create | Skirmisher |
| 18:53 | Build | Farm |
| 19:01 | Research | Forging |
| 19:03 | Create | Scout Cavalry |
| 19:04 | Create | Skirmisher |
| 19:05 | Build | Farm |
| 19:07 | Build | Farm |
| 19:11 | Research | Horse Collar |
| 19:23 | Build | Farm |
| 19:45 | Research | Fletching |
| 19:49 | Create | Villager (Male) |
| 19:51 | Build | Farm |
| 20:08 | Create | Villager (Male) |
| 20:10 | Build | Market |
| 20:22 | Create | Villager (Male) |
| 21:01 | Create | Villager (Male) |
| 21:09 | Build | Farm |
| 21:23 | Create | Spearman |
| 21:25 | Build | Farm |
| 21:27 | Create | Villager (Male) |
| 22:08 | Research | Castle Age |
| 22:20 | Build | Lumber Camp |
| 22:34 | Create | Scout Cavalry |
| 22:37 | Create | Scout Cavalry |
| 22:45 | Build | Stable |
| 22:50 | Build | Watch Tower |
| 23:09 | Build | Farm |
| 23:11 | Build | Farm |
| 23:12 | Build | Farm |
| 23:21 | Create | Scout Cavalry |
| 23:24 | Research | Bloodlines |
| 23:27 | Create | Archer |
| 23:47 | Create | Scout Cavalry |
| 23:52 | Research | Scale Barding Armor |
| 24:03 | Create | Villager (Male) |
| 24:33 | Age | Castle Age |
| 24:34 | Create | Knight |
| 24:35 | Create | Knight |
| 24:37 | Create | Villager (Male) |
| 24:39 | Build | Town Center |
| 24:45 | Build | Monastery |
| 25:08 | Create | Villager (Male) |
| 25:30 | Create | Monk |
Match timeline
| 7:17 | dylanrobinson54 · first_building Barracks |
| 8:01 | dylanrobinson54 · age_up feudal |
| 8:03 | Proctologue · first_building Barracks |
| 8:08 | dylanrobinson54 · first_building Stable |
| 8:54 | Proctologue · age_up feudal |
| 9:07 | Proctologue · first_building Archery Range |
| 9:20 | Proctologue · wall_segment Palisade Wall x1 |
| 9:21 | Proctologue · wall_segment Palisade Wall x1 |
| 9:26 | Proctologue · wall_segment Palisade Wall x1 |
| 9:27 | Proctologue · wall_segment Palisade Wall x1 |
| 10:16 | dylanrobinson54 · first_building Archery Range |
| 11:07 | Proctologue · wall_segment Palisade Wall x1 |
| 11:08 | Proctologue · wall_segment Palisade Wall x1 |
| 11:09 | Proctologue · wall_segment Palisade Wall x1 |
| 11:10 | Proctologue · wall_segment Palisade Wall x1 |
| 13:26 | Proctologue · first_building Stable |
| 14:36 | Proctologue · wall_segment Palisade Wall x1 |
| 14:36 | Proctologue · wall_segment Palisade Wall x1 |
| 14:57 | Proctologue · wall_segment Palisade Wall x1 |
| 16:43 | dylanrobinson54 · wall_segment Palisade Wall x1 |
| 16:45 | dylanrobinson54 · wall_segment Palisade Wall x4 |
| 21:03 | dylanrobinson54 · first_market_buy 500 food |
| 21:05 | dylanrobinson54 · first_market_sell 500 wood |
| 23:43 | Proctologue · wall_segment Palisade Wall x6 |
| 24:33 | dylanrobinson54 · age_up castle |
| 24:45 | dylanrobinson54 · first_building Monastery |
| 25:01 | Proctologue · wall_segment Stone Wall x1 |
| 25:02 | Proctologue · wall_segment Stone Wall x1 |
| 25:03 | Proctologue · wall_segment Stone Wall x1 |
| 25:05 | Proctologue · wall_segment Stone Wall x1 |
| 25:08 | Proctologue · wall_segment Stone Wall x1 |
| 25:25 | Proctologue · wall_segment Stone Wall x1 |
| 25:28 | Proctologue · wall_segment Stone Wall x7 |
| 25:34 | Proctologue · wall_segment Stone Wall x7 |
| 25:38 | Proctologue · wall_segment Stone Wall x7 |
| 26:06 | dylanrobinson54 · first_building Siege Workshop |
| 26:13 | Proctologue · age_up castle |
| 26:13 | Proctologue · wall_segment Palisade Wall x1 |
| 27:16 | Proctologue · first_market_buy 100 wood |
| 27:38 | Proctologue · wall_segment Stone Wall x1 |
| 28:28 | Proctologue · wall_segment Stone Wall x1 |
| 28:36 | Proctologue · wall_segment Stone Wall x1 |
| 34:05 | Proctologue · first_building Castle |
| 37:54 | dylanrobinson54 · first_building Castle |
| 39:25 | dylanrobinson54 · age_up imperial |
| 40:45 | Proctologue · first_market_sell 100 stone |
| 44:33 | Proctologue · age_up imperial |
| 50:08 | Proctologue · wall_segment Palisade Wall x7 |
| 50:09 | Proctologue · wall_segment Palisade Wall x6 |
| 50:09 | Proctologue · wall_segment Palisade Wall x6 |
| 50:30 | Proctologue · wall_segment Stone Wall x1 |
| 50:33 | Proctologue · wall_segment Stone Wall x5 |
| 50:35 | Proctologue · wall_segment Stone Wall x1 |
| 50:51 | Proctologue · first_building Monastery |
| 55:21 | Proctologue · first_building Siege Workshop |
| 69:47 | dylanrobinson54 · resign |
[ AI ANALYSIS · 1 CREDIT ]
What really happened in this match?
Wolo.gg analyzes every decision: build order, eco, micro, common mistakes by bracket. Personalized analysis on WhatsApp or Discord in 30 seconds.
Civ guide
Britons
Perfil
Jugador #19202084